 Dungeon Crawl Stone Soup version 0.29-a0-557-g43b9904bd1 (webtiles) character file.

Game seed: 8109953008823182686

572 ptdevnull the Grasshopper (level 7, -2/84 HPs)
             Began as a Gnoll Warper on June 8, 2022.
             Was an Initiate of Gozag.
             Slain by Edmund
             ... wielding a +4 dire flail of protection
              (3 damage)
             ... on level 5 of the Dungeon.
             The game lasted 00:09:18 (4329 turns).

ptdevnull the Grasshopper (Gnoll Warper)            Turns: 4329, Time: 00:09:19

Health: -2/84      AC: 23    Str: 10    XL:     7   Next: 34%
Magic:  15/15      EV:  2    Int: 12    God:    Gozag
Gold:   202        SH:  0    Dex: 14    Spells: 4/17 levels left

rFire   . . .      SeeInvis .   a - +0 falchion
rCold   . . .      Faith    .   (no shield)
rNeg    . . .      Spirit   .   (body armour currently unavailable)
rPois   +          Reflect  .   (helmet currently unavailable)
rElec   .          Harm     .   (cloak currently unavailable)
rCorr   .          Rampage  .   (gloves currently unavailable)
Will    .....      NoTele   +   (boots currently unavailable)
Stlth   ++........              (no amulet)
HPRegen 0.24/turn               (no ring)
MPRegen 0.14/turn               (no ring)

@: tree-form, studying Staves
A: stationary, stasis, torment immunity, boosted hp, (fangs 1), strong nose,
distributed training
a: Renounce Religion, Potion Petition, Call Merchant, Bribe Branch


You were on level 5 of the Dungeon.
You worshipped Gozag.
Gozag was aware of your devotion.
You were a tree.
You visited 2 branches of the dungeon, and saw 6 of its levels.

You collected 262 gold pieces.
You paid 60 gold pieces to Gozag.

Inventory:

Hand Weapons
 a - a +0 falchion (weapon)
Missiles
 d - 7 boomerangs of dispersal (quivered)
Armour
 b - a +0 leather armour
 f - a +0 pair of gloves (melded)
 g - a +0 cloak (melded)
 i - a +1 hat (melded)
 q - the +3 scale mail "Wyskupni" (melded) {Will+ Regen+}
   (You found it on level 3 of the Dungeon)

   Regen:     It increases your rate of health regeneration.
   Will:      It increases your willpower.
Wands
 x - a wand of mindburst (8)
Scrolls
 c - 2 scrolls of blinking
 e - 2 scrolls of teleportation {unknown}
 j - a scroll of fear {unknown}
 k - a scroll of poison {unknown}
 l - 3 scrolls of identify {unknown}
 n - a scroll of enchant weapon {unknown}
 r - a scroll of enchant armour {unknown}
 t - 2 scrolls of magic mapping {unknown}
 v - a scroll of torment {unknown}
 w - a scroll of noise {unknown}
Potions
 h - a potion of heal wounds
 m - a potion of curing
 o - a potion of attraction {unknown}
 p - a potion of degeneration {unknown}
 s - a potion of might {unknown}
 u - a potion of lignification
 z - a potion of cancellation {unknown}


   Skills:
 + Level 5.2 Fighting
 + Level 2.4 Short Blades
 + Level 5.2 Long Blades
 + Level 2.4 Axes
 + Level 2.4 Maces & Flails
 + Level 2.4 Polearms
 + Level 2.7 Staves
 + Level 2.4 Slings
 + Level 2.4 Bows
 + Level 2.4 Crossbows
 + Level 3.6 Throwing
 + Level 3.6 Armour
 + Level 5.2 Dodging
 + Level 2.4 Stealth
 + Level 2.4 Shields
 + Level 2.4 Unarmed Combat
 + Level 5.6 Spellcasting
 + Level 2.0 Conjurations
 + Level 2.0 Hexes
 + Level 2.0 Summonings
 + Level 2.0 Necromancy
 + Level 5.8 Translocations
 + Level 2.0 Transmutations
 + Level 2.0 Fire Magic
 + Level 2.0 Ice Magic
 + Level 2.0 Air Magic
 + Level 2.0 Earth Magic
 + Level 2.0 Poison Magic
 + Level 2.7 Invocations
 + Level 2.4 Evocations


You had 4 spell levels left.
You knew the following spells:

 Your Spells              Type           Power      Damage    Failure   Level
a - Blink                 Tloc           34%        N/A       2%          2
b - Teleport Other        Tloc           17%        N/A       5%          3
c - Lesser Beckoning      Tloc           17%        N/A       5%          3
d - Manifold Assault      Tloc           17%        N/A       43%         5

Your spell library contained the following spells:

 Spells                   Type           Power      Damage    Failure   Level
 Gell's Gravitas          Tloc           17%        N/A       5%          3
 Foxfire                  Conj/Fire      32%        2x1d5     9%          1
 Slow                     Hex            32%        N/A       9%          1
 Confusing Touch          Hex            8%         N/A       26%         3
 Conjure Flame            Conj/Fire      8%         6-21      26%         3
 Inner Flame              Hex/Fire       8%         N/A       26%         3
 Vampiric Draining        Necr           8%         2d6       26%         3
 Flame Wave               Conj/Fire      8%         2d5       63%         4


Dungeon Overview and Level Annotations

Branches:
Dungeon (5/15)             Temple (1/1) D:4

Altars:
Ashenzari
Cheibriados
Fedhas
Gozag
Hepliaklqana
Makhleb
Nemelex Xobeh
Qazlal
Ru
Sif Muna
Trog
Uskayaw
Vehumet
Yredelemnul

Shops:
D:4 (

Annotations:
D:5 Edmund


Innate Abilities, Weirdness & Mutations

You are a tree.
Your roots penetrate the ground, keeping you stationary.
You cannot be teleported.
You are immune to unholy pain and torment.
Your maximum health is greatly increased.
Your equipment is partially melded.
((You have very sharp teeth.))
Your uncanny sense of smell can sniff out nearby items.
Your experience applies equally to all skills.


Message History

You hit Edmund but do no damage.
Edmund is lightly wounded.
Edmund says, "People think my brother is the best.
I think he's crazy."
Edmund hits you but does no damage.
You hit Edmund but do no damage.
Edmund is lightly wounded.
Edmund hits you with a +4 dire flail of protection.
* * * LOW HITPOINT WARNING * * *
You hit Edmund but do no damage.
Edmund is lightly wounded.
Edmund hits you but does no damage.
Unknown command.
You hit Edmund but do no damage.
Edmund is lightly wounded.
Edmund says, "A flail is better than a scythe, any day of the week!"
Edmund barely misses you.
You hit Edmund.
Edmund is lightly wounded.
Edmund hits you with a +4 dire flail of protection.
* * * LOW HITPOINT WARNING * * *
You completely miss Edmund.
Edmund is lightly wounded.
Edmund hits you with a +4 dire flail of protection.
* * * LOW HITPOINT WARNING * * *
You hit Edmund but do no damage.
Edmund is lightly wounded.
Edmund hits you with a +4 dire flail of protection!
* * * LOW HITPOINT WARNING * * *
You hit Edmund but do no damage.
Edmund is lightly wounded.
Edmund hits you but does no damage.
You hit Edmund.
Edmund is moderately wounded.
Edmund hits you but does no damage.
You hit Edmund.
Edmund is moderately wounded.
Edmund says, "I might not be good at magic, but I can still kill you!"
Edmund hits you with a +4 dire flail of protection.
You die...
Your body crumbles into a pile of gold.

####################
.......#...........#
######.#.#########.#
.#...).#.....#.@♣..#
.#.#########.#.#####
.#...........#...@....
######################


You could see Edmund.

Vanquished Creatures
  A phantom (D:5)
  A kobold brigand (D:4)
  3 orc priests
  A hound (D:4)
  Terence (D:3)
  Natasha (thrice) (D:3)
  An orc wizard (D:4)
  6 adders
  A shadow imp (D:4)
  A white imp (D:5)
  2 worms
  3 dart slugs
  18 orcs
  8 bats
  6 endoplasms
  3 giant cockroaches
  10 goblins
  5 hobgoblins
  4 jackals (D:1)
  9 kobolds
  2 quokkas
  3 ball pythons
  4 frilled lizards
  5 rats
101 creatures vanquished.

Vanquished Creatures (others)
  3 plants (D:4)
3 creatures vanquished.

Grand Total: 104 creatures vanquished

Notes
Turn   | Place    | Note
-------+----------+-------------------------------------------
     0 | D:1      | ptdevnull the Gnoll Warper began the quest for the Orb.
     0 | D:1      | Reached XP level 1. HP: 20/20 MP: 6/6
    88 | D:1      | Reached XP level 2. HP: 14/26 MP: 7/7
   582 | D:1      | Reached XP level 3. HP: 28/31 MP: 9/9
   592 | D:1      | Reached skill level 5 in Spellcasting
  1012 | D:1      | Learned a level 2 spell: Blink
  1016 | D:1      | Learned a level 3 spell: Teleport Other
  1020 | D:1      | Learned a level 3 spell: Lesser Beckoning
  1029 | D:1      | Reached skill level 1 in Invocations
  1210 | D:2      | Reached skill level 1 in Short Blades
  1210 | D:2      | Reached skill level 1 in Axes
  1210 | D:2      | Reached skill level 1 in Maces & Flails
  1210 | D:2      | Reached skill level 1 in Polearms
  1210 | D:2      | Reached skill level 1 in Staves
  1210 | D:2      | Reached skill level 1 in Slings
  1210 | D:2      | Reached skill level 1 in Bows
  1210 | D:2      | Reached skill level 1 in Crossbows
  1210 | D:2      | Reached skill level 1 in Stealth
  1210 | D:2      | Reached skill level 1 in Shields
  1210 | D:2      | Reached skill level 1 in Unarmed Combat
  1210 | D:2      | Reached skill level 1 in Evocations
  1280 | D:2      | Reached XP level 4. HP: 38/38 MP: 11/11
  1390 | D:2      | Found a faded altar of an unknown god.
  1931 | D:3      | Identified the +3 scale mail "Wyskupni" {Will+ Regen+}
  2028 | D:3      | Reached skill level 1 in Conjurations
  2028 | D:3      | Reached skill level 1 in Hexes
  2028 | D:3      | Reached skill level 1 in Summonings
  2028 | D:3      | Reached skill level 1 in Necromancy
  2028 | D:3      | Reached skill level 1 in Transmutations
  2028 | D:3      | Reached skill level 1 in Fire Magic
  2028 | D:3      | Reached skill level 1 in Ice Magic
  2028 | D:3      | Reached skill level 1 in Air Magic
  2028 | D:3      | Reached skill level 1 in Earth Magic
  2028 | D:3      | Reached skill level 1 in Poison Magic
  2134 | D:3      | Noticed Natasha
  2150 | D:3      | Killed Natasha
  2151 | D:3      | Reached XP level 5. HP: 40/43 MP: 12/12
  2205 | D:3      | Learned a level 5 spell: Manifold Assault
  2616 | D:3      | Noticed Terence
  2639 | D:3      | Killed Terence
  2640 | D:3      | Reached XP level 6. HP: 50/50 MP: 13/13
  2660 | D:3      | Noticed Natasha
  2677 | D:3      | Killed Natasha
  2714 | D:3      | Noticed Natasha
  2729 | D:3      | Killed Natasha
  2837 | D:4      | Found Enidwal's Weapon Shoppe.
  2860 | D:4      | Reached skill level 5 in Fighting
  2860 | D:4      | Reached skill level 5 in Long Blades
  2860 | D:4      | Reached skill level 5 in Dodging
  2986 | D:4      | Found a blossoming altar of Fedhas.
  3330 | D:4      | Reached XP level 7. HP: 37/56 MP: 15/15
  3692 | D:4      | Found a staircase to the Ecumenical Temple.
  3698 | Temple   | Entered the Ecumenical Temple
  3933 | Temple   | Became a worshipper of Gozag Ym Sagoz the Greedy
  4085 | D:5      | Entered Level 5 of the Dungeon
  4289 | D:5      | Noticed Edmund
  4326 | D:5      | HP: 1/84 [Edmund/+4 dire flail of protection (7)]
  4329 | D:5      | Slain by Edmund

Illustrated notes

Levels and vault maps discovered:
D:1:      amcnicky_arrival_flooded_fountain, layout_basic
D:2:      layout_loops_cross, basic_ecumenical_altar
D:3:      cheibrodos_pilgrimage, layout_loops_ring, uniq_natasha, uniq_terence
D:4:      layout_loops_corners, fedhas_ov_isle_minmay,
          minmay_temple_entry_enclosed_plants, serial_shops,
          nicolae_stop_n_shop_1, grunt_decor_fettered, minmay_manual_monstrance
D:5:      minmay_chambers_of_threes, layout_basic, serial_shops,
          kennysheep_little_box, interstate_on_off, roderic_serpentine_path,
          uniq_edmund
Temple:   nicolae_temple_figure_eight

Skill      XL: |  1  2  3  4  5  6  7 |
---------------+----------------------+-----
Spellcasting   | 5 |  5.6
Invocations    | 1 2 |  2.7
Short Blades   | 1 2 |  2.4
Axes           | 1 2 |  2.4
Maces & Flails | 1 2 |  2.4
Polearms       | 1 2 |  2.4
Staves         | 1 2 |  2.7
Slings         | 1 2 |  2.4
Bows           | 1 2 |  2.4
Crossbows      | 1 2 |  2.4
Stealth        | 1 2 |  2.4
Shields        | 1 2 |  2.4
Unarmed Combat | 1 2 |  2.4
Evocations     | 1 2 |  2.4
Conjurations   | 1 2 |  2.0
Hexes          | 1 2 |  2.0
Summonings     | 1 2 |  2.0
Necromancy     | 1 2 |  2.0
Transmutations | 1 2 |  2.0
Fire Magic     | 1 2 |  2.0
Ice Magic      | 1 2 |  2.0
Air Magic      | 1 2 |  2.0
Earth Magic    | 1 2 |  2.0
Poison Magic   | 1 2 |  2.0
Throwing       | 3 |  3.6
Armour         | 3 |  3.6
Fighting       | 5 |  5.2
Long Blades    | 5 |  5.2
Dodging        | 5 |  5.2
Translocations | |  5.8

Action                   |  1- 3 |  4- 6 |  7- 9 || total
-------------------------+-------+-------+-------++-------
Melee: Falchion          |   107 |   262 |    87 ||   456
       Bite              |    11 |    24 |     6 ||    41
       Punch             |     2 |     5 |     3 ||    10
  Use: Potion            |       |       |     3 ||     3
 Stab: Sleeping          |     1 |       |       ||     1
Armor: Leather armour    |    39 |     5 |       ||    44
       Scale mail        |       |   126 |    40 ||   166
       Skin              |       |       |     7 ||     7
Dodge: Dodged            |    88 |   131 |    31 ||   250

Table legend: (Time is in decaauts)
 A = Elapsed time spent in this place.
 B = Non-inter-level travel time spent in this place.
 C = Inter-level travel time spent in this place.
 D = Time resting spent in this place.
 E = Time spent auto-exploring this place.
 F = Levels seen in this place.
 G = Mean time per level.
                   A        B        C        D        E       F      G
               +--------+--------+--------+--------+--------+-----+--------+
         Total |   4355 |   4130 |    225 |    306 |   2905 |   6 |  725.8 |
       Dungeon |   4088 |   3921 |    167 |    306 |   2699 |   5 |  817.6 |
        Temple |    266 |    208 |     58 |      0 |    206 |   1 |  266.0 |
               +--------+--------+--------+--------+--------+-----+--------+

Top non-repeatable levels by time:
     D:1: 1085 daAuts
     D:4: 985 daAuts
     D:3: 947 daAuts
     D:2: 823 daAuts
  Temple: 266 daAuts
     D:5: 246 daAuts
